 Dungeon Crawl Stone Soup version 0.30-a0-782-ge64f9170bb (webtiles) character file.

Game seed: 8057750395869357487

2884 dohliylev the Grappler (level 9, -11/80 HPs)
             Began as a Troll Warper on Mar 11, 2023.
             Was a Believer of the Shining One.
             Mangled by a two-headed ogre
             ... wielding a +0 dire flail
              (20 damage)
             ... on level 8 of the Dungeon.
             The game lasted 00:16:07 (6029 turns).

dohliylev the Grappler (Troll Warper)               Turns: 6029, Time: 00:16:07

Health: -11/80     AC:  5    Str: 25    XL:     9   Next: 48%
Magic:  14/19      EV:  9    Int:  9    God:    the Shining One [**....]
Gold:   430        SH: 12    Dex:  9    Spells: 6/11 levels left

rFire   . . .      SeeInvis .      - Unarmed
rCold   . . .      Faith    .    z - +0 kite shield
rNeg    + . .      Spirit   .    a - +0 robe
rPois   .          Reflect  +    (helmet restricted)
rElec   .          Harm     .    A - +0 cloak
rCorr   .          Rampage  .    (gloves unavailable)
Will    +....                    (boots unavailable)
Stlth   +                        E - amulet of reflection
HPRegen 1.13/turn                j - ring of magical power
MPRegen 0.16/turn                D - ring of willpower

@: very slightly contaminated, glowing
A: large, unfitting armour, claws 3, regeneration 1, shaggy fur 1, tough skin 1
a: Renounce Religion, Divine Shield


You were on level 8 of the Dungeon.
You worshipped the Shining One.
The Shining One was pleased with you.
You visited 1 branch of the dungeon, and saw 8 of its levels.
You also visited: Sewer.

You collected 430 gold pieces.

Inventory:

Missiles
 c - 7 boomerangs of dispersal
 e - 4 javelins
 k - 2 boomerangs (quivered)
Armour
 a - a +0 robe (worn)
 z - a +0 kite shield (worn)
 A - a +0 cloak (worn)
Jewellery
 j - a ring of magical power (left claw)
 D - a ring of willpower (right claw)
 E - an amulet of reflection (around neck)
Wands
 r - a wand of paralysis (3)
Scrolls
 b - a scroll of blinking
 h - 5 scrolls of fear
 i - 2 scrolls of summoning
 l - 3 scrolls of amnesia
 m - 5 scrolls of teleportation
 q - a scroll of poison
 s - a scroll of magic mapping
 t - 4 scrolls of noise {unknown}
 u - 2 scrolls of fog {unknown}
 y - 2 scrolls of enchant weapon {unknown}
 F - a scroll of torment {unknown}
Potions
 d - 3 potions of brilliance {unknown}
 f - 4 potions of lignification {unknown}
 g - 2 potions of mutation {unknown}
 n - a potion of attraction {unknown}
 o - a potion of haste {unknown}
 p - a potion of curing
 v - a potion of invisibility {unknown}
 w - 4 potions of heal wounds {unknown}
 x - a potion of magic {unknown}
 B - a potion of might {unknown}
 C - a potion of flight {unknown}
 G - a potion of degeneration {unknown}
 H - 2 potions of resistance {unknown}


   Skills:
 + Level 2.9 Fighting
 + Level 4.5 Throwing
 + Level 5.1 Dodging
 + Level 3.0 Shields
 + Level 8.9 Unarmed Combat
 + Level 1.9 Spellcasting
 + Level 3.4 Translocations


You had 6 spell levels left.
You knew the following spells:

 Your Spells              Type           Power      Damage    Failure   Level
a - Blink                 Tloc           14%        N/A       28%         2
b - Teleport Other        Tloc           7%         N/A       50%         3

Your spell library contained the following spells:

 Spells                   Type           Power      Damage    Failure   Level
 Lesser Beckoning         Tloc           14%        N/A       28%         2
 Sting                    Tmut/Pois      0%         1d3       63%         1
 Vhi's Electric Charge    Tloc/Air       6%         N/A       75%         3
 Cigotuvi's Dreadful Rot  Necr/Pois/Air  0%         N/A       77%         2
 Poisonous Vapours        Pois/Air       0%         N/A       77%         2
 Manifold Assault         Tloc           7%         N/A       88%         4
 Mephitic Cloud           Conj/Pois/Air  0%         N/A       94%         3
 Olgreb's Toxic Radiance  Pois           0%         N/A       100%        4


Dungeon Overview and Level Annotations

Branches:
Dungeon (8/15)             Temple (0/1) D:6           Sewer (visited)
   Lair: D:8-11

Altars:
Dithmenos
Elyvilon
Fedhas
Hepliaklqana
Makhleb
Okawaru
Ru
Trog
Uskayaw
The Shining One

Shops:
D:6 [


Innate Abilities, Weirdness & Mutations

You are too large for most types of armour.
You have claws for hands.
Your natural rate of healing is unusually fast.
You are covered in fur. (AC +1)
You have tough skin. (AC +1)


Message History

You miscast Teleport Other.
You are very lightly contaminated with residual magic.
The world appears momentarily distorted.
You are magically locked in place.
The two-headed ogre hits you with a +0 dire flail!!
You block the two-headed ogre's attack.
You cannot move.
You cannot move.
You claw the two-headed ogre!
The two-headed ogre is lightly wounded.
You barely miss the two-headed ogre.
The two-headed ogre is lightly wounded.
You block the two-headed ogre's attack.
The two-headed ogre hits you with a +0 giant spiked club!
You claw the two-headed ogre!
The two-headed ogre is moderately wounded.
You scratch the two-headed ogre.
The two-headed ogre is moderately wounded.
The two-headed ogre hits you with a +0 dire flail!!
The two-headed ogre hits you with a +0 giant spiked club!
* * * LOW HITPOINT WARNING * * *
Casting: Teleport Other (dangerous; 50% risk of failure)
Confirm with . or Enter, or press ? or * to list all spells.
You cannot blink because you are magically locked down.
You scratch the two-headed ogre.
The two-headed ogre is heavily wounded.
You are no longer locked in place.
The two-headed ogre hits you with a +0 dire flail!
* * * LOW HITPOINT WARNING * * *
The two-headed ogre closely misses you.
You scratch the two-headed ogre.
The two-headed ogre is heavily wounded.
You mangle the two-headed ogre!!
The two-headed ogre is almost dead.
You block the two-headed ogre's attack. x2
You scratch the two-headed ogre but do no damage.
The two-headed ogre is almost dead.
You block the two-headed ogre's attack.
The two-headed ogre hits you with a +0 giant spiked club!!
You die...

##### # #... # #.. ##### #O#
######### .....
##@#####........ .....
#......'........ .....
#......#........ .....
....#......#........ .....
....########........
#####+###+#.............####..
.......#..#.............# .
.......#..#.............#
.......#..#.............#


You could see a two-headed ogre.

Vanquished Creatures
  Pargi (Sewer)
  2 ice beasts
  2 orc warriors (D:7)
  2 black bears
  3 ogres
  2 centaurs
  2 phantoms (D:5)
  The ghost of bmj180 the Digger, an amateur GrEE (D:3)
  A necrophage (D:7)
  A kobold brigand (D:6)
  A bullfrog (D:6)
  A scorpion (D:6)
  A gnoll sergeant (D:7)
  4 wights (D:5)
  3 orc priests
  7 hounds
  5 jellies
  A gnoll bouda (D:7)
  Jessica (D:3)
  4 iguanas
  7 orc wizards
  10 gnolls (D:7)
  7 adders
  A white imp (D:6)
  An ufetubus (D:5)
  3 dart slugs
  A worm (D:2)
  23 orcs
  11 endoplasms
  3 giant cockroaches
  4 hobgoblins
  10 jackals (D:1)
  5 quokkas
  10 ball pythons
  7 bats
  10 frilled lizards
  5 goblins
  7 kobolds
  5 rats
175 creatures vanquished.

Vanquished Creatures (others)
  A bush (D:5)
1 creature vanquished.

Grand Total: 176 creatures vanquished

Notes
Turn   | Place    | Note
-------+----------+-------------------------------------------
     0 | D:1      | dohliylev the Troll Warper began the quest for the Orb.
     0 | D:1      | Reached XP level 1. HP: 19/19 MP: 1/1
    66 | D:1      | Reached skill level 1 in Throwing
   103 | D:1      | Reached XP level 2. HP: 27/27 MP: 3/3
   106 | D:1      | Learned a level 2 spell: Blink
   230 | D:1      | Reached XP level 3. HP: 35/35 MP: 4/4
   727 | D:2      | Reached XP level 4. HP: 29/42 MP: 5/5
  1159 | D:2      | Reached skill level 3 in Unarmed Combat
  1431 | D:3      | Noticed bmj180's ghost (amateur GrEE)
  1434 | D:3      | Found a runed translucent door.
  1519 | D:3      | Noticed Jessica
  1522 | D:3      | Killed Jessica
  1523 | D:3      | Reached XP level 5. HP: 48/49 MP: 6/6
  1528 | D:3      | Found a glowing golden altar of the Shining One.
  1531 | D:3      | Found a bloodstained altar of Trog.
  2057 | D:3      | Became a worshipper of the Shining One
  2254 | D:3      | Killed bmj180's ghost
  2438 | D:4      | Found a hide-covered altar of Uskayaw.
  2534 | D:4      | Noticed a black bear
  2545 | D:4      | Killed a black bear
  2546 | D:4      | Reached skill level 4 in Unarmed Combat
  2546 | D:4      | Reached XP level 6. HP: 56/57 MP: 7/7
  2594 | D:4      | Found a glowing drain.
  2604 | Sewer    | Entered a sewer
  2683 | Sewer    | Noticed Pargi
  2697 | Sewer    | Killed Pargi
  2809 | D:4      | Identified the +7 spear of the Realm of Zot {flame, rC+ rN+
                  | Int+5}
  3230 | D:5      | Entered Level 5 of the Dungeon
  3240 | D:5      | Reached XP level 7. HP: 61/65 MP: 8/8
  3288 | D:5      | Reached skill level 5 in Unarmed Combat
  3399 | D:5      | Reached skill level 6 in Unarmed Combat
  3514 | D:5      | Identified the +6 dagger of the Snake Pit {pain, rC+ rCorr}
  3694 | D:5      | Found a sacrificial altar of Ru.
  3694 | D:5      | Found an iron altar of Okawaru.
  3694 | D:5      | Found a shadowy altar of Dithmenos.
  3722 | D:5      | Reached XP level 8. HP: 40/72 MP: 9/9
  3822 | D:5      | Found a blossoming altar of Fedhas.
  3824 | D:5      | Reached * piety under the Shining One
  3903 | D:5      | HP: 3/72 [centaur/arrow (12)]
  4125 | D:6      | Found a white marble altar of Elyvilon.
  4155 | D:6      | Found a staircase to the Ecumenical Temple.
  4174 | D:6      | Reached skill level 1 in Shields
  4304 | D:6      | Reached skill level 7 in Unarmed Combat
  4309 | D:6      | Learned a level 3 spell: Teleport Other
  4613 | D:6      | Found Qelotab's Armour Shop.
  4852 | D:6      | Reached skill level 8 in Unarmed Combat
  4852 | D:6      | Reached XP level 9. HP: 39/80 MP: 10/10
  5070 | D:6      | Found a hazy altar of Hepliaklqana.
  5316 | D:7      | Reached ** piety under the Shining One
  5486 | D:7      | Reached skill level 5 in Dodging
  5775 | D:7      | Found a burning altar of Makhleb.
  6019 | D:8      | Noticed a two-headed ogre
  6029 | D:8      | Mangled by a two-headed ogre

Illustrated notes

Levels and vault maps discovered:
D:1:      dpeg_arrival_solitude, layout_rooms
D:2:      layout_basic
D:3:      layout_basic, mainiacjoe_overflow_catwalk_spiral,
          hellmonk_ghost_happy_afterlife, bh_walls_and_bars, uniq_jessica
D:4:      layout_gridville, nicolae_uskayaw_suspiria, portal_sewer_entry_f
D:5:      layout_basic, fedhas_bush_and_centaur_altar,
          chequers_temple_overflow_statue_of_worship
D:6:      layout_loops_cross, elyvilon_altar_1, lemuel_coloured_pillars_altar,
          minmay_temple_entry_sparse_star, serial_shops, nicolae_shop_crystal,
          grunt_ministairs_14, kennysheep_dice
D:7:      layout_loops_ring, kennysheep_mini_moat, minmay_misc_feat_tiny
D:8:      layout_gridville, mainiacjoe_overflow_tiny_flanked, uniq_joseph

Skill      XL: |  1  2  3  4  5  6  7  8  9 |
---------------+----------------------------+-----
Dodging        | 2 3 4 5 |  5.1
Throwing       | 1 2 3 4 |  4.5
Unarmed Combat | 3 4 6 8 |  8.9
Fighting       | 2 |  2.9
Translocations | 3 |  3.4
Shields        | 2 3 |  3.0
Spellcasting   | |  1.9

Action                     |  1- 3 |  4- 6 |  7- 9 || total
---------------------------+-------+-------+-------++-------
  Melee: Unarmed           |    91 |   129 |   220 ||   440
         Punch             |       |     3 |       ||     3
  Throw: Boomerang         |    30 |    12 |     9 ||    51
         Javelin           |       |     7 |    21 ||    28
   Cast: Blink             |     1 |     1 |     4 ||     6
         Teleport Other    |       |       |     2 ||     2
    Use: Scroll            |       |     6 |     2 ||     8
 Armour: Robe              |    27 |    55 |    58 ||   140
  Dodge: Dodged            |    49 |    76 |    87 ||   212
  Block: Kite shield       |       |     6 |   109 ||   115
         Reflection        |       |       |     2 ||     2

Table legend: (Time is in decaauts)
 A = Elapsed time spent in this place.
 B = Non-inter-level travel time spent in this place.
 C = Inter-level travel time spent in this place.
 D = Time resting spent in this place.
 E = Time spent auto-exploring this place.
 F = Levels seen in this place.
 G = Mean time per level.
                   A        B        C        D        E       F      G
               +--------+--------+--------+--------+--------+-----+--------+
         Total |   6045 |   5819 |    226 |    444 |   3860 |   9 |  671.7 |
       Dungeon |   5900 |   5674 |    226 |    426 |   3807 |   8 |  737.5 |
         Sewer |    145 |    145 |      0 |     18 |     53 |   1 |  145.0 |
               +--------+--------+--------+--------+--------+-----+--------+

Top non-repeatable levels by time:
     D:6: 1047 daAuts
     D:3: 1046 daAuts
     D:5: 883 daAuts
     D:7: 824 daAuts
     D:2: 799 daAuts
     D:4: 765 daAuts
     D:1: 470 daAuts
   Sewer: 145 daAuts
     D:8: 62 daAuts
